 Dungeon Crawl Stone Soup version 0.27-a0-67-g4bfc8a49e1 (webtiles) character file.

Game seed: 276227542782093369

84 wythoutpain the Grave Robber (level 4, -3/21 HPs)
             Began as a Vampire Necromancer on Jan 9, 2021.
             Killed from afar by an orc wizard (6 damage)
             ... with a magic dart
             ... on level 3 of the Dungeon.
             The game lasted 00:15:45 (1912 turns).

wythoutpain the Grave Robber (Vampire Necromancer)  Turns: 1912, Time: 00:15:46

Health: -3/21      AC:  0    Str:  5 (7)  XL:     4   Next: 23%
Magic:  3/8        EV: 20    Int: 16 (18) God:
Gold:   111        SH:  0    Dex: 17 (19) Spells: 6/8 levels left

rFire    . . .     SeeInvis +   (weapon currently unavailable)
rCold    + + .     Faith    .   (shield currently unavailable)
rNeg     + + +     Spirit   .   (armour currently unavailable)
rPois    ∞         Reflect  .   (helmet currently unavailable)
rElec    .         Harm     .   (cloak currently unavailable)
rCorr    .         Rampage  .   (gloves currently unavailable)
Will     .....                  (boots currently unavailable)
Stlth    +++++.....             (no amulet)
HPRegen  0.00/turn              (ring currently unavailable)
MPRegen  0.11/turn              (ring currently unavailable)

@: bat-form, flying, bloodless, very quick
A: tiny, fangs 3, see invisible, [frail 1]
a: Revivify, Stop Flying, End Transformation


You were on level 3 of the Dungeon.
You were in vampire-bat-form.
You visited 1 branch of the dungeon, and saw 3 of its levels.

You collected 111 gold pieces.

Inventory:

Hand Weapons
 d - a +0 short sword (melded)
Missiles
 b - 32 stones
 f - 3 poisoned darts
Armour
 a - a +0 robe (melded)
 j - a +0 pair of gloves (melded)
 k - a +0 helmet (melded)
Jewellery
 g - a ring of poison resistance (melded)
Scrolls
 l - a scroll of identify
 m - a scroll of remove curse {unknown}
 p - a scroll of teleportation {unknown}
Potions
 c - 2 potions of lignification
 e - 2 potions of mutation {unknown}
 h - a potion of might
 i - a potion of brilliance
 n - a potion of berserk rage {unknown}
 o - a potion of haste {unknown}
 q - a potion of magic {unknown}
 r - a potion of degeneration {unknown}


   Skills:
 + Level 0.4 Fighting
 + Level 0.8 Short Blades
 + Level 2.5 Dodging
 + Level 3.6 Stealth
 + Level 2.7 Spellcasting
 + Level 5.3 Necromancy


You had 6 spell levels left.
You knew the following spells:

 Your Spells              Type           Power        Failure   Level
a - Pain                  Necr           76%          2%          1
b - Animate Skeleton      Necr           38%          2%          1

Your spell library contained the following spells:

 Spells                   Type           Power        Failure   Level
 Vampiric Draining        Necr           9%           6%          3
 Animate Dead             Necr           9%           22%         4
 Agony                    Necr           19%          52%         5


Dungeon Overview and Level Annotations

Branches:
Dungeon (3/15)

Altars:
Elyvilon
Uskayaw


Innate Abilities, Weirdness & Mutations

You do not regenerate when monsters are visible.
You are frail without blood (-20% HP).
You can heal yourself when you bite living creatures.
You are immune to poison.
You have razor-sharp teeth.
You have supernaturally acute eyesight. (SInv)
((You can survive without breathing.))
[You are frail. (-10% HP)]


Message History

You hit the orc wizard but do no damage.
The orc wizard is lightly wounded.
The orc wizard casts a spell at you. The magic dart hits you.
The orc wizard hits you but does no damage.
The orc wizard casts a spell at you. The magic dart hits you.
* * * LOW HITPOINT WARNING * * *
You turn into a vampire bat.
Your +0 short sword melds into your body.
Your +0 helmet melds into your body.
Your +0 pair of gloves melds into your body.
Your +0 robe melds into your body.
Your ring of poison resistance melds into your body.
You feel weakened.
You feel dopey.
You feel clumsy.
The orc wizard hits you with a +0 dagger.
* * * LOW HITPOINT WARNING * * *
The orc wizard casts a spell at you. The magic dart hits you.
You die...

#............
########'#######
#..........#
#.......##.# ###
#..........# #..
######o#######.#####
####.#o#....##.#...#
#....#.##.#.#....#.###
#.##.#b##.#.#..#.....#
#.##.#.##.#.#..#<#.#.#
#.##.#.##.#......#.#.#
#.##.#.##.########.#.#
#.#..#.##.#### #.#..
#.#..#.##.#<.# #.####
#.#.##.##.##.# #.#...
#......##.##.# #....#
#.........##.#######.#.


You could see an orc wizard (fast) and an orc.

Vanquished Creatures
  Jessica (D:2)
  A dart slug (D:1)
  A leopard gecko (D:1)
  5 orcs (D:3)
  5 giant cockroaches
  5 goblins
  4 hobgoblins
  4 jackals (D:1)
  A quokka (D:2)
  4 bats
  3 frilled lizards (D:1)
  3 kobolds (D:1)
  4 rats
41 creatures vanquished.

Vanquished Creatures (collateral kills)
  2 orcs (D:3)
  A goblin (D:2)
3 creatures vanquished.

Grand Total: 44 creatures vanquished

Notes
Turn   | Place    | Note
-------+----------+-------------------------------------------
     0 | D:1      | wythoutpain the Vampire Necromancer began the quest for the
                  | Orb.
     0 | D:1      | Reached XP level 1. HP: 13/13 MP: 3/3
    93 | D:1      | Learned a level 1 spell: Animate Skeleton
   210 | D:1      | Reached XP level 2. HP: 16/19 MP: 0/5
   581 | D:1      | Reached skill level 5 in Necromancy
   675 | D:1      | Reached XP level 3. HP: 14/24 MP: 1/6
   930 | D:2      | Found a white marble altar of Elyvilon.
  1398 | D:2      | Found a hide-covered altar of Uskayaw.
  1436 | D:2      | Noticed Jessica
  1480 | D:2      | Killed Jessica
  1481 | D:2      | Reached XP level 4. HP: 29/30 MP: 5/7
  1912 | D:3      | Killed from afar by an orc wizard

Illustrated notes

Levels and vault maps discovered:
D:1:      eino_arrival_cavern_e, layout_basic, minmay_pentomino_t4
D:2:      layout_loops_cross, elyvilon_altar_5, general_overflow_altar,
          kennysheep_jessica_study
D:3:      layout_basic, chequers_ecumenical_altar_simple, uniq_natasha

Skill      XL: |  1  2 |
---------------+-------+-----
Necromancy     | 5 |  5.3
Fighting       | |  0.4
Short Blades   | |  0.8
Dodging        | |  2.5
Stealth        | |  3.6
Spellcasting   | |  2.7

Action                   |  1- 3 |  4- 6 || total
-------------------------+-------+-------++-------
Melee: Unarmed           |    32 |       ||    32
       Short sword       |    85 |    18 ||   103
       Bite              |     8 |       ||     8
Throw: Dart              |     3 |       ||     3
 Cast: Pain              |    27 |     5 ||    32
       Animate Skeleton  |    14 |     5 ||    19
 Abil: Exsanguinate      |       |     2 ||     2
       Bat Form          |       |     1 ||     1
       Revivify          |       |     1 ||     1
  Use: Scroll            |     4 |       ||     4
 Stab: Sleeping          |     4 |     1 ||     5
Armor: Robe              |    27 |     2 ||    29
Dodge: Dodged            |    78 |     8 ||    86

Table legend: (Time is in decaauts)
 A = Elapsed time spent in this place.
 B = Non-inter-level travel time spent in this place.
 C = Inter-level travel time spent in this place.
 D = Time resting spent in this place.
 E = Time spent auto-exploring this place.
 F = Levels seen in this place.
 G = Mean time per level.
                   A        B        C        D        E       F      G
               +--------+--------+--------+--------+--------+-----+--------+
         Total |   1921 |   1900 |     21 |     79 |   1239 |   3 |  640.3 |
       Dungeon |   1921 |   1900 |     21 |     79 |   1239 |   3 |  640.3 |
               +--------+--------+--------+--------+--------+-----+--------+

Top non-repeatable levels by time:
     D:1: 939 daAuts
     D:2: 781 daAuts
     D:3: 200 daAuts
